 Dungeon Crawl Stone Soup version 0.29-a0-468-ge57f7f99b4 (webtiles) character file.

Game seed: 7404550129252125786

10734 spaghetti the Reanimator (level 11, -6/75 HPs)
             Began as an Octopode Chaos Knight on May 21, 2022.
             Was an Initiate of Cheibriados.
             Mangled by a chaos spawn (15 damage)
             ... in a Gauntlet.
             The game lasted 00:31:52 (14229 turns).

spaghetti the Reanimator (Octopode Chaos Knight)   Turns: 14229, Time: 00:31:53

Health: -6/75      AC:  5    Str: 14      XL:     11   Next: 66%
Magic:  17/17      EV: 21    Int: 18 (22) God:    Cheibriados [......]
Gold:   145        SH:  7    Dex: 13 (15) Spells: 1/19 levels left

rFire   + . .      SeeInvis .   c - +7 falchion of the Aged Persimmons {flame, Will+ Stlth+, long}
rCold   . . .      Faith    .   t - +3 buckler {AC+3}
rNeg    . . .      Spirit   .   (helmet restricted)
rPois   +          Reflect  .   (no amulet)
rElec   +          Harm     .   n - ring of protection from fire
rCorr   .          Rampage  .   r - +4 ring of evasion
Will    +....      Clarity  +   x - ring of poison resistance
Stlth   +++....... NoTele   +   (no ring)
HPRegen 0.22/turn               (no ring)
MPRegen 0.15/turn               (no ring)
                                (no ring)
                                (no ring)

@: mighty, very slow
A: almost no armour, amphibious, 8 rings, camouflage 1, gelatinous body 1,
(nimble swimmer 1), tentacles, tentacle spike 1, clarity, clever 2, poison
resistance, shaggy fur 1, electricity resistance, strong 1, wild magic 2,
MP-powered wands
a: Renounce Religion


You were in a Gauntlet.
You worshipped Cheibriados.
Cheibriados was noncommittal.
You visited 3 branches of the dungeon, and saw 12 of its levels.
You also visited: Gauntlet.

You collected 439 gold pieces.
You spent 294 gold pieces at shops.


Innate Abilities, Weirdness & Mutations

You cannot wear most types of armour.
You are amphibious.
You can wear up to eight rings at the same time.
Your skin changes colour to match your surroundings (Stealth+).
Your rubbery body absorbs attacks. (AC +1, EV +1)
((You are camouflaged when in or above water. (Stealth+)))
You have tentacles for arms and can constrict up to eight enemies at once.
One of your tentacles bears a spike.
You possess an exceptional clarity of mind.
Your mind is very acute. (Int +4)
Your system is resistant to poisons. (rPois)
You are covered in fur. (AC +1)
You are resistant to electric shocks. (rElec)
Your muscles are strong. (Str +2)
Your spells are harder to cast, but more powerful.
You expend magic power (3 MP) to strengthen your wands.


   Skills:
 + Level 7.2 Fighting
 + Level 6.8 Long Blades
 - Level 2.5 Slings
 + Level 10.0 Dodging
 + Level 3.1 Shields
 + Level 4.5 Spellcasting
 + Level 14.5 Necromancy
 + Level 4.9 Ice Magic


You had one spell level left.
You knew the following spells:

 Your Spells              Type           Power      Damage    Failure   Level
a - Necrotize             Necr           100%       1d9       1%          1
b - Vampiric Draining     Necr           74%        2d11      1%          3
c - Agony                 Necr           74%        N/A       4%          5
d - Simulacrum            Ice/Necr       29%        N/A       63%         6
e - Swiftness             Air            6%         N/A       67%         3

Your spell library contained the following spells:

 Spells                   Type           Power      Damage    Failure   Level
 Shock                    Conj/Air       24%        1d4       34%         1
 Anguish                  Hex/Necr       24%        N/A       21%         4
 Hailstorm                Conj/Ice       20%        3d6       71%         4
 Ice Form                 Ice/Tmut       20%        N/A       71%         4
 Airstrike                Air            3%         N/A       95%         4
 Enfeeble                 Hex            3%         N/A       100%        7

Inventory:

Hand Weapons
 a - a +1 falchion of pain {long}
   (You took it off an orc on level 5 of the Dungeon)
 b - a +5 hunting sling {sling}
   (You found it on level 4 of the Dungeon)
 c - the +7 falchion of the Aged Persimmons (weapon) {flame, Will+ Stlth+, long}
   (You found it on level 8 of the Dungeon)

   It burns those it strikes, dealing additional fire damage.
   Big, fiery blades are also staple armaments of hydra-hunters.
   Will:      It increases your willpower.
   Stlth:     It makes you more stealthy.
 d - a +1 falchion of electrocution {long}
   (You found it on level 7 of the Dungeon)
 e - a +1 scimitar {long}
   (You took it off a wight on level 10 of the Dungeon)
 F - a +4 dagger {short}
   (You took it off a wight on level 9 of the Dungeon)
 H - a +2 short sword of venom {short}
   (You took it off a kobold on level 8 of the Dungeon)
 L - a +2 flail of protection {mace}
   (You took it off a wight on level 8 of the Dungeon)
 M - a +3 scimitar of freezing {long}
   (You took it off a wight on level 8 of the Dungeon)
 P - a +1 vorpal spear {polearm}
   (You took it off a gnoll sergeant on level 7 of the Dungeon)
Missiles
 g - 4 javelins {throwing}
 j - 211 stones (quivered) {throwing}
 m - 19 poisoned darts {throwing}
 p - 4 curare-tipped darts {=fthrowing}
 q - 6 boomerangs {throwing}
 C - a throwing net {=f!fthrowing}
Armour
 t - a +3 buckler of protection (worn)
   (Xom gifted it to you on level 3 of the Dungeon)
 O - the +7 tower shield of the Hurricane {Dex+4}
   (You bought it in a shop on level 9 of the Dungeon)

   Dex:       It affects your dexterity (+4).
Jewellery
 n - a ring of protection from fire (left tentacle)
   (You found it on level 2 of the Dungeon)
 r - a +4 ring of evasion (right tentacle)
   (You found it on level 3 of the Dungeon)
 x - a ring of poison resistance (on tentacle)
   (You found it on level 6 of the Dungeon)
 G - a ring of resist corrosion
   (You found it on level 7 of the Dungeon)
 R - a +6 ring of strength
   (You found it on level 5 of the Dungeon)
Wands
 i - a wand of flame (13)
   (You found it on level 7 of the Dungeon)
 A - a wand of paralysis (4)
   (You found it on level 10 of the Dungeon)
 J - a wand of acid (4)
   (You took it off a boggart on level 10 of the Dungeon)
 N - a wand of polymorph (3)
   (You found it on level 9 of the Dungeon)
Scrolls
 f - 2 scrolls of amnesia
 k - 2 scrolls of fog
 l - 2 scrolls of noise {!r}
 o - a scroll of torment {!r}
 s - 2 scrolls of poison {!r}
 w - 2 scrolls of enchant armour
 D - a scroll of silence {!r}
 E - a scroll of immolation {unknown}
 I - 4 scrolls of teleportation {@r4}
 K - a scroll of vulnerability {!r!r}
 Q - 2 scrolls of identify {@r1}
Potions
 h - a potion of might
 v - a potion of haste {@q3}
 z - a potion of flight
 B - a potion of attraction {!q}
 S - a potion of curing {@q1}
Miscellaneous
 u - a piece from Xom's chessboard (15/15) {forbidden}

Dungeon Overview and Level Annotations

Branches:
Dungeon (10/15)            Temple (1/1) D:5            Lair (1/6) D:10
Gauntlet (1/1)
    Orc: D:9-12

Altars:
Ashenzari
Cheibriados
Dithmenos
Elyvilon
Fedhas
Gozag
Hepliaklqana
Kikubaaqudgha
Makhleb
Nemelex Xobeh
Okawaru
Qazlal
Ru
Sif Muna
Trog
Uskayaw
Vehumet
Wu Jian
Xom
Yredelemnul
Zin
The Shining One

Shops:
D:1 ?   D:4 (   D:5 *   D:9 [

Annotations:
D:3 1 runed translucent door, Taurus's ghost, amateur MiFi Gauntlet 13 transporters, 5 runed translucent doors

#.#!...#..#.#...♣..≈≈#
#.#......s#.#..PPP..≈#
#.#########.#.♣P.P♣..####
#©#.......#.#.........≈≈#
###...♣...#.#########..≈#
#...P.PP..#.#.......#...##
#..P#≈#≈#.#.##..##..#.∩.≈##
#...≈≈≈≈≈.#.###.4##.#...≈≈##
..♣P#≈#≈#.#©#©##@4###©.♣≈≈≈#
#..P≈≈≈≈≈.#.#}!##43##...≈≈##
#...#≈#≈#.#.#...##..#.∩.≈##
#...P.P.P.#.#.......#...##
###...♣P..#.#########..≈#
#©#.......#.#.........≈≈#
#.#########.#.♣PPP♣..####
#.#.!#....#.#....P..≈#
#.#.$#.##.#.#.P.♣..≈≈#


You could see a culicivora shaped shifter, a neqoxec and 3 chaos spawn.


Message History

The catoblepas bellows!
Found a pair of pitted gloves.
Found a runed plate armour.
Unknown command.
The hell hound barks!
Found a gate leading back out of this place.
The dire elephant trumpets!
The cyclops shouts!
The chaos spawn bellows!
The chaos spawn roars deafeningly!
The neqoxec shouts!
The boggart shouts!
The dire elephant trumpets!
The elephant trumpets!
Key pressed, stopping explore.
Key pressed, stopping explore.
The death yak bellows!
The necromancer shouts!
You hear a bellow!
The death yak bellows!
Key pressed, stopping explore.
The death yak bellows!
The boggart shouts! x2
The chaos spawn howls!
The neqoxec shouts!
Partly explored, unvisited transporter.
Partly explored, unvisited transporter.
The chaos spawn barks!
The chaos spawn growls angrily.
There is a transporter here.
There is a transporter here.
You enter the transporter and appear at another place.
Unknown command.
Unknown command.
You hit the chaos spawn but do no damage.
You pierce the chaos spawn, but do no damage.
Your squeeze misses the chaos spawn.
The chaos spawn grows dozens of eye stalks in order to get a better look at you.
The chaos spawn closely misses you.
You hit the chaos spawn.
Your tentacle spike misses the chaos spawn.
You tentacle-slap the chaos spawn, but do no damage.
You squeeze the chaos spawn, but do no damage.
The chaos spawn gores you.
The chaos spawn splatters into many small globs of multi-coloured light, then recombines.
The chaos spawn barely misses you. 😕 HP[-2]
You take 2 damage, and now have 73/75 hp.
You barely miss the chaos spawn. Your squeeze misses the chaos spawn.
The chaos spawn gores you! The chaos spawn shocks you. You resist.
The chaos spawn barely misses you. 😕 HP[-16]
You take 16 damage, and now have 57/75 hp.
MASSIVE DAMAGE!! (PAUSE) Unknown command.
You miss the chaos spawn.
Your tentacle spike misses the chaos spawn.
The chaos spawn completely misses you.
You miss the chaos spawn.
The mana viper hisses angrily.
You squeeze the chaos spawn. You block the chaos spawn's attack.
The chaos spawn completely misses you. 😕 HP[+1]
You closely miss the chaos spawn. Your squeeze misses the chaos spawn.
The chaos spawn completely misses you. The chaos spawn closely misses you.
You block the chaos spawn's attack.
You closely miss the chaos spawn.
You pierce the chaos spawn, but do no damage.
You squeeze the chaos spawn, but do no damage.
The mana viper changes into a culicivora!
You block the chaos spawn's attack. The chaos spawn completely misses you.
The chaos spawn gores you.
You are engulfed in flames.
You resist. 😮 HP[-8]
You take 8 damage, and now have 50/75 hp.
Unknown command.
Unknown command.
Okay, then.
Okay, then.
Okay, then.
You feel very mighty all of a sudden. You block the chaos spawn's attack.
The chaos spawn misses you. The neqoxec gestures at you.
Something tries to feed on your intellect!
The chaos spawn hits you!
You are engulfed in flames.
You resist.
* * * LOW HITPOINT WARNING * * *
😨 HP[-15]
You take 15 damage, and now have 35/75 hp.
The +7 falchion of the Aged Persimmons {flame, Will+ Stlth+, long} bursts into flame!
c - the +7 falchion of the Aged Persimmons (weapon)
{flame, Will+ Stlth+, long} The chaos spawn hits you.
* * * LOW HITPOINT WARNING * * *
Space warps horribly around you!
* * * LOW HITPOINT WARNING * * *
You block the chaos spawn's attack. The chaos spawn misses you. 😱 HP[-22]
You take 22 damage, and now have 13/75 hp.
MASSIVE DAMAGE!! (PAUSE)
You slash the chaos spawn! You burn the chaos spawn.
You pierce the chaos spawn.
You block the chaos spawn's attack. x2
The chaos spawn gores you.
* * * LOW HITPOINT WARNING * * *
The chaos spawn freezes you!
You die...

Skill      XL: |  1  2  3  4  5  6  7  8  9 10 11 |
---------------+----------------------------------+-----
Dodging        | 3 4 5 9 10 | 10.0
Fighting       | 4 5 6 7 |  7.2
Slings         | 1 2 |  2.5
Long Blades    | 4 5 6 |  6.8
Necromancy     | 13 14 | 14.5
Ice Magic      | 3 4 |  4.9
Spellcasting   | 2 3 4 |  4.5
Shields        | 1 3 |  3.1

Action                   |  1- 3 |  4- 6 |  7- 9 | 10-12 || total
-------------------------+-------+-------+-------+-------++-------
Melee: Falchion          |    60 |       |    35 |   166 ||   261
       Tentacles         |    12 |    33 |    17 |    36 ||    98
       Constrict         |    15 |    35 |    11 |    22 ||    83
       Punch             |     1 |     2 |       |     5 ||     8
       Dagger            |     5 |   130 |    26 |       ||   161
       Kick              |       |    21 |    23 |    70 ||   114
       Hunting sling     |       |       |       |     1 ||     1
 Fire: Hunting sling     |       |    41 |   117 |   186 ||   344
Throw: Stone             |       |    70 |       |    40 ||   110
 Cast: Necrotize         |       |       |    40 |    46 ||    86
       Vampiric Draining |       |       |       |    29 ||    29
Evoke: Piece from Xom's  |       |       |     2 |       ||     2
  Use: Scroll            |     4 |     5 |     8 |    12 ||    29
       Potion            |       |     5 |     2 |    10 ||    17
 Stab: Sleeping          |     7 |       |       |     3 ||    10
       Petrified         |       |       |     3 |       ||     3
Armor: Skin              |     5 |    25 |    15 |    59 ||   104
Dodge: Dodged            |    48 |   105 |   100 |   288 ||   541
Block: Buckler           |       |    13 |    31 |   146 ||   190

Levels and vault maps discovered:
D:1:      scummos_arrival_hexagon, layout_basic,
          dilly_ecumenical_altar_fadedgnrine, serial_shops,
          nicolae_shop_statue_plus
D:2:      layout_basic, basic_altar, uniq_jessica
D:3:      layout_basic, gammafunk_ghost_grave, gup_sewer_entry_bowl,
          minmay_misc_feat_enclosed
D:4:      layout_rooms, serial_shops, shop_fountains, sigmund_army
D:5:      layout_rooms, minmay_temple_entry_butterflies, serial_shops, shop,
          sword_in_stone
D:6:      layout_loops_corners, nicolae_overflow_hidden_temple
D:7:      minmay_chambers_of_sixes, layout_basic, nemelex_spade_bored_becter
D:8:      layout_layer_cave
D:9:      layout_cave_pools, mainiacjoe_overflow_tiny_flanked,
          lightli_temple_of_fire, serial_shops, nicolae_shop_crystal
D:10:     layout_rooms, overflow_temple_1_default, erik_lair_dragon
Temple:   regret_index_temple_sphere_string
Lair:1:   layout_concentric_octagons, enter_volcano_3, gauntlet_entry_generic
Gauntlet: minmay_gauntlet_77_tree [minmay_gauntlet_arena_77_two_lines,
          minmay_gauntlet_arena_77_run_for_it,
          minmay_gauntlet_arena_77_double_cross,
          minmay_gauntlet_arena_77_cramped, minmay_gauntlet_arena_77_box,
          minmay_gauntlet_arena_77_hold_the_fort,
          minmay_gauntlet_arena_77_checkered, gauntlet_exit_hidden_loot]

Notes
Turn   | Place    | Note
-------+----------+-------------------------------------------
     0 | D:1      | spaghetti the Octopode Chaos Knight began the quest for the
                  | Orb.
     0 | D:1      | Reached XP level 1. HP: 16/16 MP: 1/1
     0 | D:1      | magus.rc [v1.9.6]
    44 | D:1      | Found Jonirch's Magic Scroll Emporium.
    83 | D:1      | XOM: silly message
    92 | D:1      | XOM: silly message
   134 | D:1      | Reached XP level 2. HP: 16/21 MP: 2/2
   604 | D:1      | Found a faded altar of an unknown god.
   671 | D:1      | Reached XP level 3. HP: 26/26 MP: 3/3
  1076 | D:1      | Bought a scroll of identify for 28 gold pieces
  1078 | D:1      | Identified a scroll of acquirement
  1079 | D:1      | Acquired a manual of Necromancy
  1094 | D:1      | XOM is BORED!
  1094 | D:1      | XOM: silly message
  1254 | D:2      | Reached skill level 3 in Dodging
  1478 | D:2      | XOM: 1-stop teleportation journey
  1528 | D:2      | Found a glowing silver altar of Zin.
  1543 | D:2      | XOM: cleaving
  1715 | D:2      | Reached XP level 4. HP: 33/33 MP: 4/4
  1849 | D:2      | You pick up a book of the Tundra and begin reading...
  1849 | D:2      | You add the spells Hailstorm, Ice Form and Simulacrum to
                  | your library.
  2330 | D:2      | Noticed Jessica
  2333 | D:2      | Killed Jessica
  2334 | D:2      | Reached skill level 4 in Fighting
  2334 | D:2      | Reached XP level 5. HP: 37/37 MP: 5/5
  2412 | D:3      | Found a runed translucent door.
  2413 | D:3      | Noticed Taurus's ghost (amateur MiFi)
  2572 | D:3      | XOM: summons 2 friendly demons
  2576 | D:3      | Reached skill level 4 in Dodging
  2966 | D:3      | XOM: cleaving
  3130 | D:3      | XOM: fog
  3131 | D:3      | XOM: god gift: +2 buckler of protection
  3131 | D:3      | XOM: butterfly on damage
  3136 | D:3      | Reached XP level 6. HP: 30/45 MP: 6/6
  3151 | D:3      | XOM: give mutations
  3151 | D:3      | Gained mutation: Your system is resistant to poisons.
                  | (rPois) [Xom's grace]
  3151 | D:3      | Gained mutation: Your mind is acute. (Int +2) [Xom's grace]
  3151 | D:3      | Gained mutation: One of your tentacles bears a spike.
                  | [Xom's grace]
  3271 | D:3      | XOM: scenery: create altars
  3442 | D:3      | XOM: cloud trail
  3574 | D:3      | XOM: scenery: create altars
  3842 | D:4      | Reached skill level 5 in Fighting
  3998 | D:3      | XOM is BORED!
  3998 | D:3      | XOM: summons 4 hostile demons
  4096 | D:4      | Found Zuttuaho's Weapon Shop.
  4262 | D:4      | XOM: summons 4 hostile demons
  4486 | D:4      | XOM: destruction
  4490 | D:4      | Reached skill level 1 in Slings
  4566 | D:4      | XOM: give mutation
  4566 | D:4      | Gained mutation: You are clumsy. (Dex -2) [Xom's mischief]
  4596 | D:5      | Entered Level 5 of the Dungeon
  4629 | D:4      | Reached skill level 5 in Dodging
  4829 | D:5      | Reached XP level 7. HP: 50/50 MP: 7/7
  4853 | D:5      | XOM: noise
  4862 | D:5      | XOM: polymorph orc wizard -> boggart
  4865 | D:5      | Reached skill level 2 in Slings
  4872 | D:5      | XOM: polymorph orc -> gnoll
  4960 | D:5      | You fall into a shaft and drop 2 floors!
  5033 | D:7      | Reached skill level 4 in Long Blades
  5033 | D:7      | Reached skill level 2 in Necromancy
  5052 | D:7      | Identified a potion of experience
  5052 | D:7      | Reached skill level 9 in Dodging
  5052 | D:7      | Reached skill level 13 in Necromancy
  5052 | D:7      | Reached XP level 8. HP: 16/57 MP: 8/8
  5064 | D:7      | XOM: smoke on damage
  5086 | D:8      | Noticed a kobold demonologist
  5355 | D:6      | XOM: give mutations
  5355 | D:6      | Gained mutation: You are weak. (Str -2) [Xom's mischief]
  5355 | D:6      | Lost mutation: Your system is resistant to poisons. (rPois)
                  | [Xom's mischief]
  5355 | D:6      | Gained mutation: You are partially covered in iridescent
                  | scales. (AC +2) [Xom's mischief]
  5617 | D:6      | Reached XP level 9. HP: 62/62 MP: 9/9
  5617 | D:6      | XOM: give mutations
  5617 | D:6      | Gained mutation: Your mind is very acute. (Int +4) [Xom's
                  | grace]
  5617 | D:6      | Gained mutation: You have supernaturally acute eyesight.
                  | (SInv) [Xom's grace]
  5617 | D:6      | Gained mutation: Your spells are a little harder to cast,
                  | but a little more powerful. [Xom's grace]
  5672 | D:6      | Found a glowing golden altar of the Shining One.
  5674 | D:6      | Found an opulent altar of Gozag.
  5698 | D:6      | XOM: scenery: summon butterflies
  5713 | D:6      | You pick up a book of Necromancy and begin reading...
  5713 | D:6      | You add the spells Necrotize, Vampiric Draining and Agony
                  | to your library.
  5728 | D:6      | Learned a level 1 spell: Necrotize
  5732 | D:6      | Learned a level 3 spell: Vampiric Draining
  5744 | D:6      | XOM: scenery: create altars
  5882 | D:6      | Reached skill level 14 in Necromancy
  5882 | D:6      | Reached skill level 1 in Ice Magic
  5894 | D:6      | Reached skill level 1 in Spellcasting
  6013 | D:6      | Reached skill level 5 in Long Blades
  6013 | D:6      | Reached skill level 2 in Ice Magic
  6296 | D:6      | Learned a level 5 spell: Agony
  6416 | D:6      | XOM: scenery: 1 doors close
  6487 | D:6      | You pick up a book of Air and begin reading...
  6487 | D:6      | You add the spells Shock, Swiftness and Airstrike to your
                  | library.
  6628 | D:6      | XOM: god gift: potion of heal wounds
  6696 | D:7      | Reached skill level 2 in Spellcasting
  6707 | D:7      | XOM: divination: detect items
  6754 | D:7      | XOM: 2-stop teleportation journey
  6802 | D:7      | XOM: silly message
  7036 | D:7      | XOM: give mutations
  7036 | D:7      | Gained mutation: You are covered in fur. (AC +1) [Xom's
                  | grace]
  7036 | D:7      | Gained mutation: You expend magic power (3 MP) to
                  | strengthen your wands. [Xom's grace]
  7036 | D:7      | Gained mutation: You are mostly covered in iridescent
                  | scales. (AC +4) [Xom's grace]
  7036 | D:7      | Gained mutation: You possess an exceptional clarity of
                  | mind. [Xom's grace]
  7085 | D:7      | Found a sparkling altar of Nemelex Xobeh.
  7130 | D:7      | XOM: give mutation
  7386 | D:7      | Noticed a two-headed ogre
  7413 | D:7      | XOM: divination: detect creatures
  7415 | D:7      | Killed a two-headed ogre
  7416 | D:7      | Reached skill level 6 in Fighting
  7416 | D:7      | Reached skill level 3 in Ice Magic
  7416 | D:7      | Reached XP level 10. HP: 68/68 MP: 12/14
  7603 | D:7      | Noticed a manticore
  7614 | D:7      | Killed a manticore
  7615 | D:7      | Reached skill level 3 in Spellcasting
  7874 | D:7      | XOM: silly message
  8364 | D:8      | XOM: polymorph yak -> troll
  8388 | D:8      | Reached skill level 1 in Shields
  8389 | D:8      | Reached skill level 6 in Long Blades
  8522 | D:8      | Learned a level 6 spell: Simulacrum
  8673 | D:8      | XOM: 7-stop teleportation journey
  8710 | D:8      | Reached skill level 4 in Ice Magic
  8867 | D:8      | Identified the +7 falchion of the Aged Persimmons {flame,
                  | Will+ Stlth+}
  8882 | D:8      | Noticed a rust devil
  8887 | D:8      | Noticed a soul eater
  8890 | D:8      | Killed a kobold demonologist
  9085 | D:8      | Noticed a two-headed ogre
  9091 | D:8      | XOM: summons 10 friendly demons
  9093 | D:8      | Killed a two-headed ogre
  9094 | D:8      | Reached XP level 11. HP: 74/74 MP: 9/16
  9653 | D:8      | XOM: give mutation
  9653 | D:8      | Lost mutation: You are mostly covered in iridescent scales.
                  | (AC +4) [Xom's mischief]
  9781 | D:9      | XOM: noise
  9814 | D:9      | Reached skill level 2 in Shields
 10135 | D:9      | Found a burning altar of Makhleb.
 10195 | D:9      | You pick up a book of Maledictions and begin reading...
 10195 | D:9      | You add the spells Anguish and Enfeeble to your library.
 10197 | D:9      | Found Tipeom's Antique Armour Emporium.
 10209 | D:9      | XOM: 2-stop teleportation journey
 10269 | D:9      | XOM: smoke on damage
 10283 | D:9      | HP: 17/74 [yak (3)]
 10284 | D:9      | HP: 7/74 [yak (11)]
 10566 | D:9      | Bought a twisted tower shield for 266 gold pieces
 10566 | D:9      | Identified the +7 tower shield of the Hurricane {Dex+4}
                  | (You bought it in a shop on level 9 of the Dungeon)
 10582 | D:9      | Found a shimmering altar of Xom.
 10747 | D:10     | Entered Level 10 of the Dungeon
 10767 | D:10     | Noticed a two-headed ogre
 10777 | D:10     | Reached skill level 4 in Spellcasting
 10781 | D:10     | Noticed a green ugly thing
 10786 | D:10     | Lost mutation: You expend magic power (3 MP) to strengthen
                  | your wands. [potion of mutation]
 10786 | D:10     | Lost mutation: You have supernaturally acute eyesight.
                  | (SInv) [potion of mutation]
 10786 | D:10     | Lost mutation: You are partially covered in iridescent
                  | scales. (AC +2) [potion of mutation]
 10786 | D:10     | Gained mutation: Your magical capacity is low. (-10% MP)
                  | [potion of mutation]
 10786 | D:10     | Lost mutation: Your magical capacity is low. (-10% MP)
                  | [potion of mutation]
 10794 | D:10     | HP: 15/74 [green ugly thing[a boggart] (16)]
 10796 | D:10     | Noticed a centaur warrior
 10812 | D:10     | Noticed a cyclops
 10812 | D:10     | a centaur warrior changed into a cyclops
 10812 | D:10     | XOM: polymorph centaur warrior -> cyclops
 10833 | D:10     | HP: 13/67 [something (9)]
 10837 | D:10     | HP: 6/67 [something (8)]
 11296 | D:10     | XOM: cloud trail
 11312 | D:9      | XOM: noise
 11315 | D:10     | XOM: butterfly on damage
 11450 | D:10     | Noticed a two-headed ogre
 11689 | D:10     | Found an ornate altar of the Wu Jian Council.
 11800 | D:10     | Reached skill level 7 in Fighting
 11935 | D:10     | XOM: smoke on damage
 11969 | D:10     | XOM: give mutations
 11969 | D:10     | Gained mutation: Your spells are harder to cast, but more
                  | powerful. [Xom's grace]
 11969 | D:10     | Gained mutation: You expend magic power (3 MP) to
                  | strengthen your wands. [Xom's grace]
 11969 | D:10     | Gained mutation: You are resistant to electric shocks.
                  | (rElec) [Xom's grace]
 11969 | D:10     | Lost mutation: You are clumsy. (Dex -2) [Xom's grace]
 12017 | D:10     | XOM: scenery: create altars
 12166 | D:10     | XOM: butterfly on damage
 12171 | D:10     | XOM: enchant monster (good)
 12226 | D:9      | XOM: divination: detect creatures
 12315 | D:10     | XOM: give mutations
 12315 | D:10     | Lost mutation: You are weak. (Str -2) [Xom's grace]
 12315 | D:10     | Gained mutation: Your system is resistant to poisons.
                  | (rPois) [Xom's grace]
 12315 | D:10     | Gained mutation: Your muscles are strong. (Str +2) [Xom's
                  | grace]
 12363 | D:10     | XOM: stat loss: -1 Int (17/21)
 12440 | D:10     | Found a staircase to the Lair.
 12448 | D:10     | XOM: 4-stop teleportation journey
 12460 | D:10     | Learned a level 3 spell: Swiftness
 12820 | D:5      | Found Juewkaf's Assorted Antiques.
 12905 | D:5      | Noticed Blork the orc
 12919 | D:5      | Killed Blork the orc
 12928 | D:5      | XOM: divination: detect creatures
 12938 | D:5      | Reached skill level 3 in Shields
 12985 | D:5      | XOM: silly message
 13135 | D:5      | XOM: noise
 13136 | D:5      | XOM: cast spell 'Call Canine Familiar'
 13180 | D:5      | Reached skill level 10 in Dodging
 13345 | D:5      | Found a staircase to the Ecumenical Temple.
 13509 | D:4      | XOM: silly message
 13544 | Temple   | Entered the Ecumenical Temple
 13731 | Temple   | Fell from the grace of Xom
 13731 | Temple   | Became a worshipper of Cheibriados the Contemplative
 13927 | Lair:1   | Entered Level 1 of the Lair of Beasts
 13981 | Lair:1   | Found a gate leading to a gauntlet.
 13994 | Gauntlet | Entered a Gauntlet
 13994 | Gauntlet | Found a transporter.
 14051 | Gauntlet | Found a transporter.
 14054 | Gauntlet | Noticed a swamp dragon
 14057 | Gauntlet | Noticed a shining eye
 14057 | Gauntlet | a swamp dragon changed into a shining eye
 14060 | Gauntlet | Noticed a two-headed ogre
 14060 | Gauntlet | a troll changed into a two-headed ogre
 14064 | Gauntlet | Found a transporter.
 14065 | Gauntlet | Found a transporter.
 14070 | Gauntlet | Noticed a catoblepas
 14073 | Gauntlet | Found a transporter.
 14098 | Gauntlet | Found a transporter.
 14100 | Gauntlet | Noticed a fire crab
 14108 | Gauntlet | Found a transporter.
 14108 | Gauntlet | Noticed a dire elephant
 14113 | Gauntlet | Found a transporter.
 14113 | Gauntlet | Found a transporter.
 14121 | Gauntlet | Noticed a cyclops
 14122 | Gauntlet | Noticed a death drake
 14126 | Gauntlet | Found a transporter.
 14134 | Gauntlet | Found a runed translucent gate.
 14135 | Gauntlet | Found a transporter.
 14135 | Gauntlet | Found a runed translucent gate.
 14135 | Gauntlet | Found a transporter.
 14136 | Gauntlet | Found a runed translucent gate.
 14159 | Gauntlet | Noticed a death yak
 14159 | Gauntlet | Noticed a death yak
 14160 | Gauntlet | Noticed a death yak
 14161 | Gauntlet | Found a runed translucent door.
 14161 | Gauntlet | Noticed a necromancer
 14161 | Gauntlet | Noticed a death yak
 14162 | Gauntlet | Found a transporter.
 14163 | Gauntlet | Found a runed translucent door.
 14185 | Gauntlet | Found a transporter.
 14197 | Gauntlet | Noticed a worldbinder
 14223 | Gauntlet | Noticed a mana viper
 14226 | Gauntlet | a mana viper changed into a culicivora
 14228 | Gauntlet | HP: 13/75 [chaos spawn (16)]
 14229 | Gauntlet | Mangled by a chaos spawn

Vanquished Creatures
  2 two-headed ogres
  A manticore (D:7)
  A cane toad (Lair:1)
  A kobold demonologist (D:8)
  3 komodo dragons (D:10)
  A troll (D:8)
  A slime creature (D:7)
  2 wyverns
  12 yaks
  A basilisk (D:10)
  2 steam dragons
  4 acid dragons (D:10)
  2 sky beasts (D:7)
  An orc warrior (D:7)
  2 ice beasts (D:7)
  3 ogres
  2 centaurs
  4 boggarts
  A phantom (D:5)
  3 kobold brigands
  4 bullfrogs
  A gnoll sergeant (D:7)
  Blork the orc (D:5)
  3 scorpions
  11 wights
  2 howler monkeys
  4 hounds
  A jelly (D:6)
  An orc priest (D:7)
  Jessica (D:2)
  2 iguanas
  5 orc wizards
  10 gnolls
  13 adders
  A white imp (D:7)
  3 ufetubi
  2 worms
  2 dart slugs
  27 orcs
  10 bats
  10 endoplasms
  7 giant cockroaches
  4 hobgoblins
  2 jackals (D:1)
  20 kobolds
  2 quokkas
  3 ball pythons
  3 frilled lizards
  3 goblins
  5 rats (D:1)
  A butterfly (D:5)
213 creatures vanquished.

Vanquished Creatures (collateral kills)
  2 yaks
  A basilisk (D:10)
  A centaur (D:10)
  A wight (D:10)
5 creatures vanquished.

Vanquished Creatures (others)
  A wyvern (D:10)
  2 withered plants (D:3)
3 creatures vanquished.

Grand Total: 221 creatures vanquished

Table legend:
 A = Non-vault XP
 B = Vault XP
 C = Vault XP percentage of total XP
 D = Non-vault monster count
 E = Vault monster count
 F = Vault count percentage of total count
                 A         B        C        D         E       F
            +---------+---------+-------+---------+---------+-------
      Total |   10304 |    4010 |  28.0 |     194 |      23 |  10.6
            +---------+---------+-------+---------+---------+-------
        D:1 |      53 |       0 |   0.0 |      32 |       0 |   0.0
        D:2 |      78 |      37 |  32.2 |      17 |       1 |   5.6
        D:3 |     202 |       8 |   3.8 |      21 |       4 |  16.0
        D:4 |     202 |      28 |  12.2 |      19 |       2 |   9.5
        D:5 |     627 |     302 |  32.5 |      12 |       4 |  25.0
        D:6 |    1578 |       0 |   0.0 |      22 |       0 |   0.0
        D:7 |     862 |    2009 |  70.0 |      15 |       6 |  28.6
        D:8 |    3762 |       0 |   0.0 |      29 |       0 |   0.0
        D:9 |    1431 |       0 |   0.0 |      16 |       0 |   0.0
       D:10 |    1009 |    1626 |  61.7 |       9 |       6 |  40.0
     Lair:1 |     500 |       0 |   0.0 |       2 |       0 |   0.0
            +---------+---------+-------+---------+---------+-------

Illustrated notes

Table legend:
 A = Kills in this place as a percentage of kills in entire the game.
 B = Kills by you in this place as a percentage of kills by you in the entire game.
 C = Kills by friends in this place as a percentage of kills by friends in the entire game.
 D = Other kills in this place as a percentage of other kills in the entire game.
 E = Experience gained in this place as a percentage of experience gained in the entire game.
 F = Experience gained in this place divided by the number of levels of this place that you have seen.
                   A       B       C       D       E      F
               +-------+-------+-------+-------+-------+----------------------
         Total | 100.0 | 100.0 | 100.0 |   N/A | 100.0 | 1101.1
       Dungeon |  99.1 |  99.1 | 100.0 |   N/A |  96.5 | 1381.4
          Lair |   0.9 |   0.9 |   0.0 |   N/A |   3.5 | 500.0
               +-------+-------+-------+-------+-------+----------------------

Table legend: (Time is in decaauts)
 A = Elapsed time spent in this place.
 B = Non-inter-level travel time spent in this place.
 C = Inter-level travel time spent in this place.
 D = Time resting spent in this place.
 E = Time spent auto-exploring this place.
 F = Levels seen in this place.
 G = Mean time per level.
                   A        B        C        D        E       F      G
               +--------+--------+--------+--------+--------+-----+--------+
         Total |  14446 |  13406 |   1040 |   2299 |   8946 |  13 | 1111.2 |
       Dungeon |  13875 |  12901 |    974 |   2252 |   8605 |  10 | 1387.5 |
        Temple |    207 |    141 |     66 |      0 |    126 |   1 |  207.0 |
          Lair |     80 |     80 |      0 |      0 |     54 |   1 |   80.0 |
      Gauntlet |    282 |    282 |      0 |     47 |    160 |   1 |  282.0 |
               +--------+--------+--------+--------+--------+-----+--------+

Top non-repeatable levels by time:
     D:8: 2001 daAuts
     D:9: 1785 daAuts
     D:6: 1692 daAuts
     D:7: 1586 daAuts
     D:3: 1524 daAuts
     D:1: 1299 daAuts
     D:2: 1174 daAuts
    D:10: 1048 daAuts
     D:4: 963 daAuts
     D:5: 799 daAuts
Gauntlet: 282 daAuts
  Temple: 207 daAuts
  Lair:1: 80 daAuts
